 Dungeon Crawl Stone Soup version 0.31-a0-1206-g41278d8d1d (webtiles) character file.

Game seed: 3848271590210131703

11 damiac the Ruffian (level 2, 0/22 HPs)
             Began as a Demigod Shapeshifter on Dec 14, 2023.
             Slain by Terence
             ... wielding a +0 hand axe
              (2 damage)
             ... on level 2 of the Dungeon.
             The game lasted 00:03:35 (787 turns).

damiac the Ruffian (Demigod Shapeshifter)            Turns: 787, Time: 00:03:36

Health: 0/22       AC:  6    Str: 15    XL:     2   Next: 3%
Magic:  4/4        EV: 11    Int: 12    God:
Gold:   26         SH:  0    Dex: 19    Spells: 1/1 levels left

rFire   . .          .
                       - Unarmed
rCold   . . .        (no shield)
rNeg    . . .        h - +1 ring mail
rPois   .            (helmet currently unavailable)
rElec   .            (cloak currently unavailable)
rCorr   .            (gloves currently unavailable)
SInv    .            (boots currently unavailable)
Will    .....        (no amulet)
Stlth   +            g - +6 ring of dexterity
HPRegen 0.23/turn    (no ring)
MPRegen 0.09/turn

%: no passive effects
@: beast-form
A: beast (slay +1), high MP 1, forlorn, divine attributes
a: Begin Untransformation


You were on level 2 of the Dungeon.
You were a hulking beast.
You visited 1 branch of the dungeon, and saw 2 of its levels.

You collected 26 gold pieces.

Inventory:

Missiles
 e - 3 stones
Armour
 h - a +1 ring mail (worn)
Jewellery
 g - a +6 ring of dexterity (left hand)
Talismans
 c - a beast talisman
 d - a flux talisman
Potions
 a - a potion of ambrosia {unknown}
 b - a potion of lignification


   Skills:
 - Level 0.8 Fighting
 - Level 1.7 Dodging
 * Level 3.1 Unarmed Combat
 + Level 2.9 Shapeshifting


You had one spell level left.
You didn't know any spells.
Your spell library contained the following spells:

 Spells                   Type           Power      Damage    Failure   Level
 Blink                    Tloc           0%         N/A       69%         2
 Lesser Beckoning         Tloc           0%         N/A       69%         2
 Momentum Strike          Conj/Tloc      0%         3d8       69%         2


Dungeon Overview and Level Annotations

Branches:
Dungeon (2/15)

Annotations:
D:2 Terence


Innate Abilities, Weirdness & Mutations

You are a hulking beast.
Your limbs bulge with bestial killing power. (Slay +1)
You have an increased reservoir of magic. (+10% MP)
You shall have no god before yourself.
Your divine heritage dramatically boosts your attributes as you level up.


Message History

You hit Terence but do no damage. Terence barely misses you.
The rat squeaks loudly.
Terence attacks as he pursues you! Terence hits you but does no damage.
Terence attacks as he pursues you! Terence hits you with a +0 hand axe.
The ball python attacks as it pursues you!
The ball python closely misses you. The ball python grabs you.
The ball python constricts you.
You escape the ball python's grasp.
Terence closely misses you. The quokka attacks as it pursues you!
The quokka bites you but does no damage.
Terence says, "Time to say good-bye..."
Terence attacks as he pursues you! Terence barely misses you.
Terence looks scornfully at you.
You closely miss Terence. Terence closely misses you.
You completely miss Terence. Terence hits you with a +0 hand axe.
You hit Terence but do no damage. Terence closely misses you.
You barely miss Terence. Terence hits you with a +0 hand axe.
You hit Terence but do no damage. Terence hits you with a +0 hand axe.
Okay, then.
You aren't carrying any scrolls.
Unknown command.
Okay, then.
You hit Terence but do no damage. Terence closely misses you.
You hit Terence but do no damage. Your punch misses Terence.
Terence looks scornfully at you. Terence barely misses you.
You closely miss Terence. Terence hits you with a +0 hand axe.
You hit Terence but do no damage. You punch Terence, but do no damage.
Terence hits you with a +0 hand axe.
You hit Terence.
Terence is lightly wounded.
Terence barely misses you.
You closely miss Terence.
Terence is lightly wounded.
Terence shouts, "Get ready for death!"
Terence hits you with a +0 hand axe.
* * * LOW HITPOINT WARNING * * *
Terence attacks as he pursues you! Terence hits you with a +0 hand axe.
You die...
Terence says, "Rest in peace."

#. #.# #.# #.# #. #.# #.# #.#
#. #.# ###.#####.#
#.###########.# #.........#
#.#........##.# #.#.########
#.......r#.##.###.#.####...#
#........#...............#
#####..#.######..........#
###.....#..Sr.@h.#........##
......$....rS####.#.........#
#....[#..#.#.####.#........##
..._..................<..>.#
.........###.###..........##
.......... ....#..#..#.##.#
.............#.#..#..#.##.#
..#####..##.##.#..........#
#..##. #....####†##.#


You could see Terence, a quokka, 2 ball pythons and a rat.

Vanquished Creatures
  2 giant cockroaches (D:1)
  A goblin (D:1)
  3 hobgoblins (D:1)
  A ball python (D:1)
  A frilled lizard (D:2)
  2 rats (D:1)
10 creatures vanquished.

Notes
Turn   | Place    | Note
-------+----------+-------------------------------------------
     0 | D:1      | damiac the Demigod Shapeshifter began the quest for the
                  | Orb.
     0 | D:1      | Reached XP level 1. HP: 15/15 MP: 3/3
   348 | D:1      | Reached skill level 3 in Unarmed Combat
   572 | D:1      | Reached XP level 2. HP: 22/22 MP: 4/4
   761 | D:2      | Noticed Terence
   787 | D:2      | Slain by Terence

Illustrated notes

Levels and vault maps discovered:
D:1:      matt_arrival_diagonals, layout_loops_ring
D:2:      layout_basic, basic_altar, chequers_mini_garden, minmay_cut_off,
          uniq_sigmund, uniq_terence

Skill      XL: |  1 |
---------------+----+-----
Unarmed Combat | 3 |  3.1
Fighting       | |  0.8
Dodging        | |  1.7
Shapeshifting  | |  2.9

Action                     || total
---------------------------++-------
  Melee: Unarmed           ||    57
         Punch             ||     2
    Use: Scroll            ||     4
   Stab: Sleeping          ||     2
 Armour: Ring mail         ||    20
         Animal skin       ||     6
  Dodge: Dodged            ||    35

Table legend: (Time is in decaauts)
 A = Elapsed time spent in this place.
 B = Non-inter-level travel time spent in this place.
 C = Inter-level travel time spent in this place.
 D = Time resting spent in this place.
 E = Time spent auto-exploring this place.
 F = Levels seen in this place.
 G = Mean time per level.
                   A        B        C        D        E       F      G
               +--------+--------+--------+--------+--------+-----+--------+
         Total |    783 |    731 |     52 |      0 |    544 |   2 |  391.5 |
       Dungeon |    783 |    731 |     52 |      0 |    544 |   2 |  391.5 |
               +--------+--------+--------+--------+--------+-----+--------+

Top non-repeatable levels by time:
     D:1: 623 daAuts
     D:2: 160 daAuts
